 Dungeon Crawl Stone Soup version 0.30-a0-862-g1aabd4f9c5 (webtiles) character file.

Game seed: 3726775975799674550

490 qeuew the Cudgeller (level 7, -4/56 HPs)
             Began as a Barachi Fighter on Mar 8, 2023.
             Slain by Duvessa
             ... wielding a +0 short sword
              (14 damage)
             ... on level 5 of the Dungeon.
             The game lasted 00:03:36 (3703 turns).

qeuew the Cudgeller (Barachi Fighter)               Turns: 3703, Time: 00:03:37

Health: -4/56      AC:  8    Str: 19    XL:     7   Next: 14%
Magic:  7/7        EV: 10    Int:  9    God:
Gold:   1186       SH:  5    Dex: 11    Spells: 6/6 levels left

rFire   . . .      SeeInvis .    a - +0 flail (chaos)
rCold   . . .      Faith    .    c - +0 buckler
rNeg    . . .      Spirit   .    b - +1 scale mail
rPois   .          Reflect  .    (no helmet)
rElec   .          Rampage  .    (no cloak)
rCorr   .                        (no gloves)
Will    .....                    (no boots) Stlth
                                 (no amulet)
HPRegen 0.29/turn                (no ring)
MPRegen 0.10/turn                (no ring)

@: slow
A: amphibious, slowness 1, strong legs 1, +LOS
a: Hop


You were on level 5 of the Dungeon.
You visited 1 branch of the dungeon, and saw 5 of its levels.

You collected 1186 gold pieces.

Inventory:

Hand Weapons
 a - a +0 flail of chaos (weapon)
Armour
 b - a +1 scale mail (worn)
 c - a +0 buckler (worn)
Jewellery
 i - an amulet of faith
Wands
 j - a wand of mindburst (12)
 q - a wand of light (11)
Scrolls
 e - a scroll of enchant armour
 g - a scroll of fear
 k - a scroll of blinking
 n - 2 scrolls of brand weapon
 o - a scroll of poison {unknown}
Potions
 d - 2 potions of might
 f - 5 potions of curing
 h - a potion of invisibility
 l - a potion of flight
 m - a potion of ambrosia
 p - 2 potions of berserk rage
 r - a potion of heal wounds


   Skills:
 + Level 5.0 Fighting
 * Level 5.1 Maces & Flails
 + Level 5.0 Armour
 + Level 2.8 Dodging
 + Level 4.6 Shields


You had 6 spell levels left.
You didn't know any spells.
Your spell library contained the following spells:

 Spells                   Type           Power      Damage    Failure   Level
 Static Discharge         Conj/Air       0%         2-2/arc   92%         2
 Vhi's Electric Charge    Tloc/Air       0%         N/A       99%         3
 Arcjolt                  Conj/Air       0%         1d10      100%        5
 Lightning Bolt           Conj/Air       0%         1d11      100%        5


Dungeon Overview and Level Annotations

Branches:
Dungeon (5/15)
 Temple: D:4-7

Altars:
Kikubaaqudgha

Shops:
D:2 (

Annotations:
D:5 1 runed translucent door, Crazy Yiuf, Duvessa


Innate Abilities, Weirdness & Mutations

You are amphibious.
You cover ground slowly.
You can hop short distances.
You have an extended range of vision and can be seen from far away.


Message History

No reachable target in view!
No reachable target in view!
No reachable target in view!
No reachable target in view!
No reachable target in view!
No reachable target in view!
No reachable target in view!
No reachable target in view!
No reachable target in view!
No reachable target in view!
No reachable target in view!
No reachable target in view!
Duvessa rages.
You see here a wand of light (11).
q - a wand of light (11) Duvessa hits you but does no damage.
You hit Duvessa.
Duvessa is lightly wounded.
Duvessa hits you with a +0 short sword. Duvessa hits you but does no damage.
You hit Duvessa.
Duvessa suddenly seems more agile.
Duvessa is moderately wounded.
You block Duvessa's attack. Duvessa closely misses you.
You hit Duvessa but do no damage.
Duvessa suddenly seems more resistant.
Duvessa is moderately wounded.
Duvessa hits you with a +0 short sword.
You hit Duvessa. You burn Duvessa.
Duvessa is moderately wounded.
Duvessa hits you but does no damage. Duvessa barely misses you.
You miss Duvessa.
Duvessa is moderately wounded.
You block Duvessa's attack. Duvessa hits you with a +0 short sword!
You barely miss Duvessa.
Duvessa is moderately wounded.
Duvessa hits you with a +0 short sword. Duvessa hits you with a +0 short sword!
You thump Duvessa!
Duvessa is heavily wounded.
Duvessa hits you with a +0 short sword!
* * * LOW HITPOINT WARNING * * *
Duvessa hits you with a +0 short sword!
You die...

#.........# #.........#
#.........# #.........##
# #..........# ##
##..######.#### .#####.##
#....# .......### #...)#
~~)~~~~.....##..@.#
≈≈≈≈≈≈~~~~~.##8.e8#
≈≈≈≈≈≈≈≈≈≈~~~~8..8...
~~~~~~≈≈≈≈≈≈≈~~..~....#
~....~~~~~≈≈≈≈≈..~~~~.#
####.####~~~~≈≈..≈≈≈~~~~
###..##....#~~~..≈≈≈≈≈≈~~
...... .######~..~~~≈≈≈≈≈
....### #8..8#~~~~≈≈


You could see Duvessa (berserk, agile, resistant).

Vanquished Creatures
  A black bear (D:5)
  2 ogres (D:5)
  Dowan (D:5)
  A hound (D:4)
  A jelly (D:4)
  An iguana (D:4)
  An adder (D:2)
  An ufetubus (D:5)
  2 worms (D:2)
  2 dart slugs
  8 orcs
  2 bats (D:1)
  6 endoplasms
  6 giant cockroaches
  6 goblins
  9 hobgoblins
  2 jackals (D:1)
  3 quokkas
  7 ball pythons
  2 frilled lizards
  2 kobolds
  8 rats
74 creatures vanquished.

Vanquished Creatures (others)
  57 fungi
  3 toadstools (D:2)
60 creatures vanquished.

Grand Total: 134 creatures vanquished

Notes
Turn   | Place    | Note
-------+----------+-------------------------------------------
     0 | D:1      | qeuew the Barachi Fighter began the quest for the Orb.
     0 | D:1      | Reached XP level 1. HP: 18/18 MP: 1/1
    58 | D:1      | Reached XP level 2. HP: 25/25 MP: 2/2
   430 | D:1      | Reached XP level 3. HP: 30/30 MP: 3/3
   815 | D:2      | Reached skill level 1 in Dodging
  1165 | D:2      | Reached XP level 4. HP: 28/37 MP: 4/4
  1424 | D:2      | Found a faded altar of an unknown god.
  1471 | D:2      | Found Guuppiub's Weapon Shop.
  1962 | D:3      | Found an ancient bone altar of Kikubaaqudgha.
  2019 | D:3      | Identified the +8 short sword "Agane" {protect, MP+9 Int-3
                  | Dex-2 SInv}
  2432 | D:3      | Identified a scroll of acquirement
  2432 | D:3      | Acquired 795 gold pieces
  2726 | D:4      | Reached XP level 5. HP: 43/43 MP: 5/5
  3323 | D:5      | Entered Level 5 of the Dungeon
  3338 | D:5      | Noticed a black bear
  3354 | D:5      | Killed a black bear
  3355 | D:5      | Reached XP level 6. HP: 41/49 MP: 6/6
  3419 | D:5      | Found a runed translucent door.
  3420 | D:5      | Noticed Crazy Yiuf
  3562 | D:5      | Reached skill level 5 in Fighting
  3562 | D:5      | Reached skill level 5 in Maces & Flails
  3562 | D:5      | Reached XP level 7. HP: 25/56 MP: 7/7
  3683 | D:5      | Noticed Duvessa
  3684 | D:5      | Noticed Dowan
  3693 | D:5      | Killed Dowan
  3694 | D:5      | Reached skill level 5 in Armour
  3703 | D:5      | Slain by Duvessa

Illustrated notes

Levels and vault maps discovered:
D:1:      dpeg_arrival_stonehenge_8_columns, layout_basic
D:2:      layout_loops_corners, serial_shops, shop_statue,
          ebering_ecumenical_altar_mist, minmay_gold_behind_fungi,
          minmay_fractal_squares_gapless_5
D:3:      layout_basic, nicolae_kikubaaqudgha_miasma_corner,
          chequers_serial_rivers_marsh
D:4:      layout_basic
D:5:      wander_river, layout_rooms, mainiacjoe_overflow_catch_the_wave,
          kennysheep_small_square, uniq_crazy_yiuf_cottage, uniq_duvessa,
          uniq_blork_the_orc

Skill      XL: |  1  2  3  4  5  6  7 |
---------------+----------------------+-----
Dodging        | 1 2 |  2.8
Maces & Flails | 3 4 5 |  5.1
Fighting       | 4 5 |  5.0
Armour         | 4 5 |  5.0
Shields        | 4 |  4.6

Action                     |  1- 3 |  4- 6 |  7- 9 || total
---------------------------+-------+-------+-------++-------
  Melee: Flail             |   130 |   114 |    12 ||   256
    Use: Scroll            |     3 |     8 |       ||    11
         Potion            |     3 |     2 |       ||     5
 Armour: Scale mail        |    73 |    72 |     5 ||   150
  Dodge: Dodged            |    60 |    51 |     2 ||   113
  Block: Buckler           |    23 |    40 |     3 ||    66

Table legend: (Time is in decaauts)
 A = Elapsed time spent in this place.
 B = Non-inter-level travel time spent in this place.
 C = Inter-level travel time spent in this place.
 D = Time resting spent in this place.
 E = Time spent auto-exploring this place.
 F = Levels seen in this place.
 G = Mean time per level.
                   A        B        C        D        E       F      G
               +--------+--------+--------+--------+--------+-----+--------+
         Total |   4330 |   4210 |    120 |      0 |   3555 |   5 |  866.0 |
       Dungeon |   4330 |   4210 |    120 |      0 |   3555 |   5 |  866.0 |
               +--------+--------+--------+--------+--------+-----+--------+

Top non-repeatable levels by time:
     D:2: 1200 daAuts
     D:4: 1017 daAuts
     D:1: 885 daAuts
     D:3: 811 daAuts
     D:5: 416 daAuts
